 Dungeon Crawl Stone Soup version 0.24-a0-458-gfcb5e6da0e (webtiles) character file.

Game seed: 8444603901392111814

52758 Krouwed the Black Sun (level 15, 0/122 HPs)
             Began as a Human Necromancer on June 27, 2019.
             Was a High Priest of Kikubaaqudgha.
             Slain by a redback (6 damage)
             ... on level 3 of the Lair of Beasts.
             The game lasted 01:41:20 (21614 turns).

Krouwed the Black Sun (Human Necromancer)          Turns: 21614, Time: 01:41:21

Health: 0/122      AC: 19    Str: 11      XL:     15   Next: 7%
Magic:  3/27       EV: 11    Int: 19 (20) God:    Kikubaaqudgha [*****.]
Gold:   1986       SH:  0    Dex: 14      Spells: 3/31 levels left

rFire    . . .     SeeInvis .   K - +7 great mace "Zuexob" {pain, +Rage rPois}
rCold    + . .     Gourm    .   (shield currently unavailable)
rNeg     + . .     Faith    .   t - +3 ring mail {MR+}
rPois    +         Spirit   .   k - +2 hat
rElec    .         Reflect  .   e - +2 ratskin cloak {+Rats rPois rN+ Str-1 Int-1 Dex+1}
rCorr    .         Harm     .   F - +1 pair of gloves
MR       +++..                  b - +2 pair of boots
Stlth    ..........             y - amulet of regeneration
HPRegen  0.70/turn              m - ring of protection from cold
MPRegen  0.20/turn              N - ring of protection from magic

@: confused, lethally poisoned (0 -> -4)
A: clever 1, MP-powered wands
a: Receive Corpses, Torment, Renounce Religion, Evoke Ratskin, Evoke Berserk
Rage


You were on level 3 of the Lair of Beasts.
You worshipped Kikubaaqudgha.
Kikubaaqudgha was extremely pleased with you.
You were very hungry.

You visited 5 branches of the dungeon, and saw 22 of its levels.
You also visited: Ice Cave.

You collected 2173 gold pieces.
You spent 187 gold pieces at shops.

Inventory:

Hand Weapons
 o - a +4 broad axe of flaming
 w - a +4 whip of freezing
 K - the +7 great mace "Zuexob" (weapon) {pain, +Rage rPois}
   (You found it on level 6 of the Lair of Beasts)

   In the hands of one skilled in necromantic magic, it inflicts extra damage on
   living creatures.
   It protects you from poison.
   It lets you go berserk.
Missiles
 i - 29 poisoned darts (quivered)
 E - a throwing net
Armour
 b - a +2 pair of boots (worn)
 e - the +2 ratskin cloak (worn) {+Rats rPois rN+ Str-1 Int-1 Dex+1}
   (You found it on level 5 of the Dungeon)

   It affects your strength (-1).
   It affects your intelligence (-1).
   It affects your dexterity (+1).
   It protects you from poison.
   It protects you from negative energy.
 k - a +2 hat (worn)
 q - a +2 chain mail of poison resistance
 t - a +3 ring mail of magic resistance (worn)
 v - a +3 buckler
 F - a +1 pair of gloves (worn)
Jewellery
 m - a ring of protection from cold (left hand)
 y - an amulet of regeneration (around neck)
 G - an uncursed ring of resist corrosion
 H - the ring of the Seven Lies {rPois rC+++ Slay-5 SInv Stlth-}
   (You found it on level 10 of the Dungeon)

   [ring of poison resistance]

   It affects your accuracy and damage with ranged weapons and melee attacks
   (-5).
   It renders you almost immune to cold.
   It protects you from poison.
   It lets you see invisible.
   It makes you less stealthy.
 L - an uncursed ring of poison resistance
 N - a ring of protection from magic (right hand)
 Q - a cursed amulet of inaccuracy {unknown}
 R - an uncursed ring of fire
Wands
 f - a wand of paralysis (15)
 O - a wand of flame (18)
 V - a wand of acid (18)
Scrolls
 d - 7 scrolls of remove curse
 g - a scroll of fog
 n - a scroll of identify
 r - 2 scrolls of teleportation
 u - 3 scrolls of fear
 x - 2 scrolls of immolation
 B - 2 scrolls of amnesia
 U - a scroll of enchant weapon
Potions
 a - 5 potions of curing
 h - a potion of ambrosia
 j - 3 potions of flight
 l - 2 potions of resistance
 p - 5 potions of mutation
 s - 2 potions of degeneration
 z - 4 potions of brilliance
 A - 2 potions of cancellation
 D - 2 potions of agility
 I - 3 potions of lignification
 S - 2 potions of might
Miscellaneous
 C - a lamp of fire
 M - a phantom mirror
 P - a lightning rod (4/4)
Comestibles
 c - 25 rations


   Skills:
 - Level 12.9 Fighting
 + Level 12.0 Maces & Flails
 - Level 4.6 Armour
 - Level 2.0 Dodging
 - Level 2.0 Stealth
 - Level 4.2 Shields
 - Level 8.5 Spellcasting
 - Level 14.7 Necromancy
 + Level 0.7 Ice Magic


You had 3 spell levels left.
You knew the following spells:

 Your Spells              Type           Power        Failure   Level  Hunger
a - Pain                  Necr           ####         1%          1    None
b - Animate Skeleton      Necr           N/A          1%          1    None
c - Vampiric Draining     Necr           ######....   1%          3    None
d - Animate Dead          Necr           N/A          1%          4    ###....
e - Corpse Rot            Necr           N/A          1%          2    None
f - Dispel Undead         Necr           ######..     1%          5    #####..
g - Death Channel         Necr           ######....   7%          6    ######.
h - Simulacrum            Ice/Necr       #####.....   77%         6    ######.

Your spell library contained the following spells:

 Spells                   Type           Power        Failure   Level  Hunger
 Sublimation of Blood     Necr           ######....   1%          2    None
 Regeneration             Chrm/Necr      #####.....   2%          3    None
 Corona                   Hex            #......      19%         1    None
 Flame Tongue             Conj/Fire      #....        19%         1    None
 Ensorcelled Hibernation  Hex/Ice        #.....       24%         2    None
 Searing Ray              Conj           #.....       28%         2    None
 Slow                     Hex            #.......     28%         2    None
 Throw Flame              Conj/Fire      #.....       28%         2    None
 Confuse                  Hex            #.......     50%         3    None
 Conjure Flame            Conj/Fire      #.......     50%         3    None
 Dazzling Spray           Conj/Hex       #.....       50%         3    None
 Inner Flame              Hex/Fire       #.......     50%         3    None
 Portal Projectile        Hex/Tloc       #.....       50%         3    None
 Tukima's Dance           Hex            #.......     50%         3    None
 Bolt of Draining         Conj/Necr      #####.....   26%         5    #####..
 Excruciating Wounds      Chrm/Necr      #####.....   26%         5    #####..
 Cause Fear               Hex            #.........   88%         4    ###....
 Leda's Liquefaction      Hex/Erth       #.........   88%         4    ###....
 Sticky Flame             Conj/Fire      #.......     88%         4    ###....
 Fireball                 Conj/Fire      #.........   99%         5    #####..
 Spellforged Servitor     Conj/Summ      #.........   100%        7    #######


Dungeon Overview and Level Annotations

Branches:
Dungeon (12/15)            Temple (1/1) D:6            Lair (6/6) D:9
 Shoals (0/4) Lair:4       Spider (1/4) Lair:3        Slime (0/5) Lair:5
    Orc (2/2) D:9             Elf (0/3) Orc:2

Altars:
Ashenzari
Cheibriados
Dithmenos
Elyvilon
Fedhas
Gozag
Hepliaklqana
Kikubaaqudgha
Makhleb
Nemelex Xobeh
Okawaru
Qazlal
Ru
Sif Muna
Trog
Uskayaw
Vehumet
Wu Jian
Xom
Yredelemnul
Zin
The Shining One

Shops:
D:6 [   D:11 *   Orc:2 %!((

Annotations:
D:4 1 runed translucent door, exclusion: door, Gargoyl's ghost, amateur CeAK
Lair:3 1 runed translucent door, exclusion: door, TheWayOfAllFlesh's ghost, journeyman GnTm
Orc:2 3 runed translucent doors, nubinia's ghost, journeyman GnFE


Innate Abilities, Weirdness & Mutations

Your mind is acute. (Int +2)
You expend magic power (3 MP) to strengthen your wands.


Message History

You are confused.
The redback bites you!
* * * LOW HITPOINT WARNING * * *
The wolf spider hits you but does no damage.
The wolf spider bites you but does no damage.
You're too confused!
You feel sick.
The tarantella bites you but does no damage.
You see here an uncursed ring of attention.
You closely miss the redback.
You feel sick. The redback bites you!
* * * LOW HITPOINT WARNING * * *
The redback bites you!
* * * LOW HITPOINT WARNING * * *
The wolf spider hits you but does no damage.
The wolf spider bites you but does no damage.
You barely miss the redback.
* * * LOW HITPOINT WARNING * * *
You feel sick. The redback bites you.
You die...
Kikubaaqudgha rasps: "You have failed me!
Welcome... death!"

#.#..### #....## ####.###
###..## # ##...# #....##### ##
....## ##........# ####. ..###
#........### ###.##. ###
###..........######......
##P.......###...P#........
##...##.>s## ##............
##..#.##..s@# ##.......P.##.
###..######.s.###......#######
#..### ###...#.....## ###.##
##....##.#.# #..## #########.#
#.## ### ##


You could see a wolf spider, a tarantella and a redback.

Vanquished Creatures
  8 hydras
  A catoblepas (Lair:6)
  8 death yaks
  A two-headed ogre (D:8)
  3 orc high priests
  Pikel (D:9)
  3 orc sorcerers
  4 orc knights
  A wolf spider (Spider:1)
  A manticore (D:11)
  An elephant (Lair:5)
  2 black mambas
  8 spiny frogs
  2 komodo dragons
  4 trolls
  An ice devil (Lair:6)
  6 dream sheep
  6 blink frogs
  5 hippogriffs
  30 yaks
  A redback (Spider:1)
  A wyvern (D:9)
  A hungry ghost (D:7)
  2 wargs
  Edmund (D:5)
  A soldier ant (D:10)
  7 water moccasins
  5 porcupines
  A black bear (D:6)
  9 orc warriors
  2 ice beasts
  4 sky beasts
  4 eyes of draining
  A phantom (D:9)
  5 ogres
  A centaur (D:6)
  A wolf (D:9)
  Blork the orc (D:4)
  8 crocodiles
  6 bullfrogs
  4 scorpions
  7 killer bees
  A wight (D:8)
  3 crimson imps
  A bullfrog zombie (D:7)
  3 hounds
  A water moccasin simulacrum (D:9)
  4 jellies
  A centaur skeleton (D:5)
  12 orc priests
  17 orc wizards
  5 worker ants
  2 hound skeletons
  A howler monkey skeleton (D:8)
  6 adders
  5 river rats (D:5)
  A shadow imp (D:7)
  6 white imps
  An ooze (Lair:5)
  An adder skeleton (D:9)
  An adder zombie (D:7)
  2 worms
  A dart slug (D:2)
  3 leopard geckos
  37 orcs
  8 bats
  7 giant cockroaches
  4 hobgoblins
  9 jackals
  7 kobolds
  A quokka (D:4)
  A frilled lizard (D:3)
  7 goblins
  A quokka skeleton (D:6)
  17 rats
  A fungus (D:9)
347 creatures vanquished.

Vanquished Creatures (collateral kills)
  Rupert (Lair:3)
  2 hydras
  3 catoblepae
  3 two-headed ogres
  9 death yaks
  An ugly thing (D:11)
  2 manticores (Lair:6)
  3 elephants (Lair:5)
  A black mamba (Lair:6)
  2 spiny frogs (Lair:6)
  A torpor snail (Lair:5)
  A komodo dragon (Lair:5)
  2 rime drakes
  2 ice devils (Lair:6)
  2 polar bears
  A troll (D:11)
  4 hippogriffs
  5 dream sheep
  3 blink frogs (Lair:5)
  29 yaks
  A shadow (D:11)
  A hungry ghost (D:10)
  2 wargs
  5 water moccasins
  A porcupine (Lair:1)
  2 phantoms
  An ice beast (D:11)
  A black bear (D:9)
  4 orc warriors
  2 ogres
  A centaur (D:11)
  4 crocodiles (Lair:5)
  3 big kobolds (D:11)
  A bullfrog (D:10)
  2 scorpions
  A water moccasin skeleton (D:11)
  5 killer bees
  A howler monkey (D:7)
  4 wights (D:8)
  2 crimson imps
  A centaur zombie (D:11)
  2 hounds
  4 jellies
  7 orc wizards
  A hound skeleton (D:11)
  3 adders
  A river rat (D:5)
  9 white imps
  2 oozes (Lair:5)
  A leopard gecko (D:5)
  15 orcs
  8 jackals
  A giant cockroach zombie (D:5)
  A goblin (D:2)
  A rat (D:5)
  A plant (D:11)
179 creatures vanquished.

Vanquished Creatures (others)
  A spiny frog (Lair:5)
  A redback (Spider:1)
  3 slaves (D:9)
  A killer bee (D:9)
  An orc priest (Orc:2)
  An orc wizard (Orc:2)
  An orc (Orc:2)
  16 fungi
  9 plants
  2 withered plants (Lair:3)
36 creatures vanquished.

Grand Total: 562 creatures vanquished

Notes
Turn   | Place    | Note
-------+----------+-------------------------------------------
     0 | D:1      | Krouwed the Human Necromancer began the quest for the Orb.
     0 | D:1      | Reached XP level 1. HP: 13/13 MP: 3/3
    71 | D:1      | Learned a level 1 spell: Animate Skeleton
   244 | D:1      | Reached XP level 2. HP: 19/19 MP: 5/5
  1049 | D:2      | Reached XP level 3. HP: 24/24 MP: 6/6
  1219 | D:2      | Reached skill level 5 in Necromancy
  1359 | D:2      | Learned a level 3 spell: Vampiric Draining
  1763 | D:2      | Reached XP level 4. HP: 24/30 MP: 7/7
  2709 | D:4      | Noticed a phantom
  3041 | D:4      | Found a runed translucent door.
  3042 | D:4      | Noticed Gargoyl's ghost (amateur CeAK)
  3100 | D:4      | Reached skill level 1 in Shields
  3100 | D:4      | Reached XP level 5. HP: 31/35 MP: 8/8
  3182 | D:5      | Entered Level 5 of the Dungeon
  3203 | D:5      | Noticed an ogre
  3221 | D:5      | Killed an ogre
  3221 | D:5      | Reached skill level 6 in Necromancy
  3221 | D:5      | Reached XP level 6. HP: 23/41 MP: 5/9
  3229 | D:5      | Learned a level 4 spell: Animate Dead
  3291 | D:5      | Noticed Edmund
  3318 | D:5      | Killed Edmund
  3554 | D:5      | Reached XP level 7. HP: 39/46 MP: 10/10
  3685 | D:5      | Found a glowing golden altar of the Shining One.
  3970 | D:5      | Reached skill level 7 in Necromancy
  4019 | D:4      | Noticed Blork the orc
  4030 | D:4      | Killed Blork the orc
  4030 | D:4      | Reached skill level 1 in Fighting
  4888 | D:5      | Reached XP level 8. HP: 54/54 MP: 11/11
  4890 | D:5      | Reached skill level 10 in Necromancy
  4890 | D:5      | Reached XP level 9. HP: 72/72 MP: 11/19
  5056 | D:5      | Found the +2 ratskin cloak {+Rats rPois rN+ Str-1 Int-1
                  | Dex+1}
  5735 | D:6      | Reached skill level 1 in Maces & Flails
  5774 | D:6      | Found a bloodstained altar of Trog.
  6193 | D:6      | Found Gyadish's Armour Boutique.
  6248 | D:6      | Found a staircase to the Ecumenical Temple.
  6267 | Temple   | Entered the Ecumenical Temple
  6461 | Temple   | Became a worshipper of Kikubaaqudgha
  7143 | D:7      | Reached * piety under Kikubaaqudgha
  7143 | D:7      | Identified Kikubaaqudgha's Papyrus of Evil Rites
                  | (Kikubaaqudgha gifted it to you on level 7 of the Dungeon)
  7143 | D:7      | Received a gift from Kikubaaqudgha
  7148 | D:7      | Learned a level 2 spell: Corpse Rot
  7164 | D:7      | Noticed a hippogriff
  7174 | D:7      | Killed a hippogriff
  7174 | D:7      | Reached XP level 10. HP: 69/80 MP: 21/21
  7228 | D:7      | Found a blossoming altar of Fedhas.
  7759 | D:8      | Noticed a two-headed ogre
  7779 | D:8      | Killed a two-headed ogre
  7779 | D:8      | Reached skill level 5 in Maces & Flails
  7800 | D:8      | Found a bloodstained altar of Trog.
  7903 | D:8      | Found a shattered altar of Ashenzari.
  7904 | D:8      | Found a hazy altar of Hepliaklqana.
  8439 | D:9      | Found a staircase to the Orcish Mines.
  8661 | D:9      | Reached ** piety under Kikubaaqudgha
  8726 | D:9      | Found a staircase to the Lair.
  9067 | D:9      | Reached XP level 11. HP: 81/87 MP: 17/23
  9129 | D:9      | Found a white marble altar of Elyvilon.
  9129 | D:9      | Found a glowing golden altar of the Shining One.
  9129 | D:9      | Found a glowing silver altar of Zin.
  9183 | D:9      | Noticed Pikel
  9203 | D:9      | Killed Pikel
  9384 | D:10     | Entered Level 10 of the Dungeon
  9466 | D:10     | Got a flickering granite ring
  9468 | D:10     | Identified the ring of the Seven Lies {rPois rC+++ Slay-5
                  | SInv Stlth-} (You found it on level 10 of the Dungeon)
 10062 | D:11     | Reached *** piety under Kikubaaqudgha
 10062 | D:11     | Identified Kikubaaqudgha's Tome of Unholy Secrets
                  | (Kikubaaqudgha gifted it to you on level 11 of the Dungeon)
 10062 | D:11     | Received a gift from Kikubaaqudgha
 10114 | D:11     | Noticed a manticore
 10127 | D:11     | Killed a manticore
 10146 | D:11     | Noticed a two-headed ogre
 10159 | D:11     | Killed a two-headed ogre
 10223 | D:11     | Found Imetseuf's Assorted Antiques.
 10229 | D:11     | Noticed a cyan ugly thing
 10240 | D:11     | Killed a cyan ugly thing
 10379 | D:11     | Noticed a two-headed hydra
 10389 | D:11     | Killed a two-headed hydra
 10389 | D:11     | Reached skill level 10 in Fighting
 10504 | D:11     | Reached XP level 12. HP: 90/97 MP: 10/24
 10696 | D:12     | Noticed a six-headed hydra
 10727 | D:11     | Killed a six-headed hydra
 10863 | D:11     | Noticed a two-headed ogre
 10869 | D:11     | Killed a two-headed ogre
 10971 | Orc:1    | Entered Level 1 of the Orcish Mines
 11087 | D:9      | Reached skill level 10 in Maces & Flails
 11215 | Orc:1    | Reached **** piety under Kikubaaqudgha
 11240 | Orc:1    | Learned a level 5 spell: Dispel Undead
 11247 | Orc:1    | Learned a level 6 spell: Death Channel
 11521 | Orc:2    | Entered Level 2 of the Orcish Mines
 11879 | Orc:2    | Found a runed translucent gate.
 11879 | Orc:2    | Found a runed translucent gate.
 11879 | Orc:2    | Found a runed translucent gate.
 11885 | Orc:2    | Noticed nubinia's ghost (journeyman GnFE)
 12032 | Orc:2    | Noticed a two-headed ogre
 12041 | Orc:2    | Killed a two-headed ogre
 12119 | Orc:2    | Noticed an orc high priest
 12127 | Orc:2    | Noticed an orc high priest
 12136 | Orc:2    | Noticed a sixfirhy
 12228 | Orc:1    | Killed an orc high priest
 12424 | Orc:2    | Noticed an orc high priest
 12440 | Orc:2    | Noticed a soul eater
 12490 | Orc:1    | Reached skill level 11 in Necromancy
 12807 | Orc:2    | Noticed a sixfirhy
 12808 | Orc:2    | HP: 5/100 [sixfirhy[an orc high priest] (10)]
 13086 | Orc:2    | Gained mutation: Scrolls take you a little longer to read.
                  | [a neqoxec]
 13092 | Orc:2    | Killed an orc high priest
 13103 | Orc:2    | Reached XP level 13. HP: 66/106 MP: 11/25
 13104 | Orc:2    | Found Kehubitz's Food Shop.
 13104 | Orc:2    | Found Vewkuon's Distillery.
 13152 | Orc:2    | Found Putah's Weapon Shoppe.
 13152 | Orc:2    | Found Riarott's Weapon Shop.
 13460 | Orc:2    | Bought a potion of curing for 33 gold pieces
 13460 | Orc:2    | Bought a potion of might for 44 gold pieces
 13467 | Orc:2    | Bought a ration for 55 gold pieces
 13467 | Orc:2    | Bought a ration for 55 gold pieces
 13618 | Orc:2    | Found a staircase to the Elven Halls.
 13961 | Lair:1   | Entered Level 1 of the Lair of Beasts
 14019 | Lair:1   | Noticed a seven-headed hydra
 14037 | Lair:1   | Killed a seven-headed hydra
 15451 | Lair:3   | Found a hole to the Spider Nest.
 15508 | Lair:3   | Noticed an eight-headed hydra
 15664 | Lair:3   | Lost mutation: Scrolls take you a little longer to read.
                  | [potion of mutation]
 15664 | Lair:3   | Gained mutation: Your mind is acute. (Int +2) [potion of
                  | mutation]
 15664 | Lair:3   | Gained mutation: You expend magic power (3 MP) to
                  | strengthen your wands. [potion of mutation]
 15979 | Lair:3   | Killed an eight-headed hydra
 16121 | Lair:3   | Noticed Rupert
 16148 | Lair:3   | HP: 2/107 [Rupert/+1 great sword of freezing (4)]
 16152 | Lair:3   | Paralysed by Rupert for 3 turns
 16328 | Lair:3   | Killed Rupert
 16328 | Lair:3   | Reached skill level 12 in Necromancy
 16447 | Lair:3   | Noticed a six-headed hydra
 16476 | Lair:3   | Killed a seven-headed hydra
 16601 | Lair:3   | Found a runed translucent door.
 16601 | Lair:3   | Noticed TheWayOfAllFlesh's ghost (journeyman GnTm)
 16627 | Lair:3   | Noticed a five-headed hydra
 16633 | Lair:3   | Killed a five-headed hydra
 17014 | Lair:4   | Found a staircase to the Shoals.
 17429 | Lair:4   | Reached skill level 13 in Necromancy
 17429 | Lair:4   | Reached XP level 14. HP: 96/115 MP: 26/26
 17517 | Lair:4   | Got a polished spear
 17518 | Lair:4   | Identified the +10 spear of Hoegron {drain, +Blink rPois
                  | Str-4} (You found it on level 4 of the Lair of Beasts)
 17823 | Lair:4   | Identified the Compendium of Arcane Weapons
 18256 | Lair:5   | Found a staircase to the Slime Pits.
 18493 | Lair:5   | Reached skill level 14 in Necromancy
 18662 | Lair:5   | Reached skill level 1 in Armour
 19204 | Lair:6   | Entered Level 6 of the Lair of Beasts
 19744 | Lair:5   | Reached ***** piety under Kikubaaqudgha
 19976 | Lair:6   | Found a frozen archway.
 19988 | IceCv    | Entered an ice cave
 20858 | Lair:6   | Reached XP level 15. HP: 122/122 MP: 19/27
 21002 | Lair:6   | Got a pitted great mace
 21015 | Lair:6   | Identified the +7 great mace "Zuexob" {pain, +Rage rPois}
                  | (You found it on level 6 of the Lair of Beasts)
 21023 | Lair:6   | Learned a level 6 spell: Simulacrum
 21458 | Spider:1 | Entered Level 1 of the Spider Nest
 21614 | Lair:3   | HP: 6/122 [poisoned by a wolf spider]
 21614 | Lair:3   | Slain by a redback

Levels and vault maps discovered:
D:1:      lightli_arrival_statuegarden, layout_basic
D:2:      layout_basic
D:3:      layout_rooms, first_ration, dk_noncrumbling_2
D:4:      layout_basic, ebering_ghost_inner_flame, chequers_serial_rivers_marsh,
          minmay_strange_pillars, uniq_blork_the_orc
D:5:      wander_guarded_unrand_ratskin, layout_loops_corners, tso_metal_star,
          uniq_edmund
D:6:      layout_loops_ring, lemuel_doored_altar, temple_green, serial_shops,
          shop_coins
D:7:      layout_cave_pools, basic_altar
D:8:      layout_loops_ring, chequers_temple_overflow_statue_of_worship,
          basic_altar, minmay_fountain_box
D:9:      minmay_evil_eye, layout_long_grid, good_gods_mini_temple,
          dpeg_oklobed_lair, david_orc_3, serial_ice, serial_ice_i,
          serial_ice_a, serial_ice_n, serial_ice_o, uniq_pikel
D:10:     layout_cave_pools
D:11:     layout_basic, serial_shops, nicolae_shop_behind_doors, hangedman_ranch
          [blue_anna_fruit_fields], centaur_isle
D:12:     layout_loops_ring
Temple:   regret_index_temple_sphere_string
Lair:1:   layout_big_grid, serial_forest, infiniplex_forest_zigzag_1,
          infiniplex_forest_clump_medium, infiniplex_forest_clump_double,
          infiniplex_forest_lined_room_2, infiniplex_forest_zigzag_1,
          infiniplex_forest_straight_2, infiniplex_forest_clump_double,
          chequers_serial_rivers_micro_d, serial_bayou_shore_b
Lair:2:   layout_gridlike
Lair:3:   layout_layer_cave, dummy_spider_entry, gammafunk_ghost_grave,
          infiniplex_staircase_pool, uniq_rupert
Lair:4:   layout_cave_pods, elwin_shoals_entry_rocks
Lair:5:   layout_regular_city, nicolae_slime_entry_slimehenge,
          chequers_serial_rivers_marsh
Lair:6:   evilmike_catoblepas_cave, layout_misc_corridors,
          portal_ice_cave_entry_imps, grunt_megastairs_5, serial_bayou_shore_b
Spider:1: layout_spider_delve
Orc:1:    layout_diamond_mine
Orc:2:    grunt_orc_tribal_feast, layout_caves, gammafunk_ghost_split,
          special_room, abandoned_shop

Skill      XL: |  1  2  3  4  5  6  7  8  9 10 11 12 13 14 |
---------------+-------------------------------------------+-----
Necromancy     | 5 6 7 10 11 13 14 | 14.7
Shields        | 1 2 3 4 |  4.2
Fighting       | 1 7 8 10 11 12 | 12.9
Spellcasting   | 7 8 |  8.5
Maces & Flails | 3 6 9 11 12 | 12.0
Armour         | 4 |  4.6
Dodging        | |  2.0
Stealth        | |  2.0
Ice Magic      | |  0.7

Action                   |  1- 3 |  4- 6 |  7- 9 | 10-12 | 13-15 || total
-------------------------+-------+-------+-------+-------+-------++-------
Melee: Dagger            |    52 |    25 |       |       |       ||    77
       Whip              |       |    90 |   675 |  1005 |  1110 ||  2880
       Broad axe         |       |       |       |       |    13 ||    13
       Great mace        |       |       |       |       |    11 ||    11
Throw: Dart              |    22 |     7 |     2 |    12 |     5 ||    48
 Cast: Pain              |    20 |     6 |     1 |    11 |     7 ||    45
       Animate Skeleton  |     6 |     5 |       |     4 |     3 ||    18
       Vampiric Draining |       |     4 |     9 |    57 |    64 ||   134
       Animate Dead      |       |       |     9 |    56 |    63 ||   128
       Corpse Rot        |       |       |       |     1 |       ||     1
Invok: Receive Corpses   |       |       |       |    12 |    13 ||    25
Evoke: Wand              |       |       |       |       |     2 ||     2
  Use: Scroll            |       |     5 |     7 |    10 |    25 ||    47
       Potion            |       |     1 |     3 |     4 |     5 ||    13
 Stab: Sleeping          |     2 |     2 |     1 |       |       ||     5
       Distracted        |       |       |     1 |     9 |    15 ||    25
  Eat: Chunk             |     2 |     5 |     1 |    19 |    14 ||    41
       Ration            |       |     1 |     4 |     5 |     7 ||    17
Armor: Robe              |     1 |       |       |       |       ||     1
       Leather armour    |    27 |    23 |    76 |       |       ||   126
       Ring mail         |       |       |   165 |   417 |   412 ||   994
Dodge: Dodged            |    36 |    70 |   305 |   385 |   329 ||  1125
Block: Buckler           |       |    29 |   206 |   327 |   297 ||   859

Table legend:
 A = Non-vault XP
 B = Vault XP
 C = Vault XP percentage of total XP
 D = Non-vault monster count
 E = Vault monster count
 F = Vault count percentage of total count
                 A         B        C        D         E       F
            +---------+---------+-------+---------+---------+-------
      Total |   52393 |   21995 |  29.6 |     408 |     119 |  22.6
            +---------+---------+-------+---------+---------+-------
        D:1 |      21 |       0 |   0.0 |      12 |       0 |   0.0
        D:2 |      39 |       0 |   0.0 |      13 |       0 |   0.0
        D:3 |      55 |       0 |   0.0 |      22 |       0 |   0.0
        D:4 |     112 |     106 |  48.6 |       3 |       1 |  25.0
        D:5 |     564 |     254 |  31.1 |      20 |      21 |  51.2
        D:6 |    1232 |       0 |   0.0 |      32 |       0 |   0.0
        D:7 |    1330 |       0 |   0.0 |      20 |       0 |   0.0
        D:8 |    1571 |       0 |   0.0 |      19 |       0 |   0.0
        D:9 |    1652 |    1216 |  42.4 |      32 |      14 |  30.4
       D:10 |    2143 |       0 |   0.0 |      26 |       0 |   0.0
       D:11 |    5409 |    1277 |  19.1 |      28 |       8 |  22.2
     Lair:1 |    3507 |       0 |   0.0 |      19 |       0 |   0.0
     Lair:2 |    2237 |       0 |   0.0 |       8 |       0 |   0.0
     Lair:3 |    4112 |    2216 |  35.0 |      16 |       1 |   5.9
     Lair:4 |    7598 |       0 |   0.0 |      13 |       0 |   0.0
     Lair:5 |   14530 |     609 |   4.0 |      65 |      14 |  17.7
     Lair:6 |    2612 |    9192 |  77.9 |      10 |      34 |  77.3
   Spider:1 |     612 |       0 |   0.0 |       2 |       0 |   0.0
      Orc:1 |    1407 |    3226 |  69.6 |      17 |       5 |  22.7
      Orc:2 |    1650 |    3899 |  70.3 |      31 |      21 |  40.4
            +---------+---------+-------+---------+---------+-------
